 Dungeon Crawl Stone Soup version 0.32-a0-928-g1cae6b7ea0 (webtiles) character file.

Game seed: 7420236604806442014

4235 BlackSun the Grappler (level 10, -5/63 HPs)
             Began as an Octopode Shapeshifter on Apr 12, 2024.
             Was an Initiate of Gozag.
             Slain by a basilisk (7 damage)
             ... while petrified by a basilisk
             ... on level 8 of the Dungeon.
             The game lasted 00:12:45 (9058 turns).

BlackSun the Grappler (Octopode Shapeshifter)       Turns: 9058, Time: 00:12:45

Health: -5/63      AC:  1    Str: 11    XL:     10   Next: 30%
Magic:  0/19       EV:  2    Int: 21    God:    Gozag
Gold:   308        SH:  0    Dex: 15    Spells: 9/9 levels left

rFire   + .          .
                       - Unarmed
rCold   . . .        (shield currently unavailable)
rNeg    + + +        (helmet restricted)
rPois   ∞            G - amulet of guardian spirit
rElec   .            n - ring of Tevvecz Xeam {Fly Will- Str-3 Int+4 Dex+4}
rCorr   .            W - ring of magical power
SInv    .            F - ring of protection from fire
Will    .....        N - ring of positive energy
Stlth   ++           (no ring)
HPRegen 0.30/turn    (no ring)
MPRegen 0.16/turn    (no ring)
                     (no ring)

%: guardian spirit
@: flux-form, petrified, flying, glowing
A: glow, contaminating, almost no armour, amphibious, 8 rings, camouflage 1,
gelatinous body 1, (nimble swimmer 1), tentacles
a: Begin Untransformation, Renounce Religion, Potion Petition, Call Merchant,
Bribe Branch


You were on level 8 of the Dungeon.
You worshipped Gozag.
Gozag was aware of your devotion.
You were something dangerously unstable.
You visited 2 branches of the dungeon, and saw 9 of its levels.
You also visited: Sewer.

You collected 724 gold pieces.
You spent 330 gold pieces at shops.
You paid 86 gold pieces to Gozag.

Inventory:

Hand Weapons
 j - the +8 hammer "Bina" {distort, rF+}
   (You found it on level 2 of the Dungeon)

   rF+:       It protects you from fire.
Missiles
 t - 2 curare-tipped darts {=f}
Armour
 B - an orb of energy
Jewellery
 n - the ring of Tevvecz Xeam (left tentacle) {Fly Will- Str-3 Int+4 Dex+4}
   (You found it on level 3 of the Dungeon)

   [ring of flight]

   Str-3:     It affects your strength (-3).
   Int+4:     It affects your intelligence (+4).
   Dex+4:     It affects your dexterity (+4).
   Will-:     It decreases your willpower.
   Fly:       It grants you flight.
 F - a ring of protection from fire (on tentacle)
 G - an amulet of guardian spirit (around mantle)
 N - a ring of positive energy (on tentacle)
 W - a ring of magical power (right tentacle)
Talismans
 b - a beast talisman
 c - a flux talisman (active)
 C - a serpent talisman
Wands
 w - a wand of mindburst (5)
 x - a wand of flame (21)
 A - a wand of digging (7)
Scrolls
 e - a scroll of noise {!r}
 f - a scroll of silence {!r!r}
 g - 2 scrolls of enchant weapon
 h - a scroll of revelation
 k - 5 scrolls of poison {!r}
 m - 2 scrolls of immolation {!r!r}
 q - a scroll of amnesia
 v - 3 scrolls of teleportation {unknown}
 y - a scroll of torment {!r}
 D - a scroll of fear {unknown}
Potions
 a - 2 potions of magic
 d - 2 potions of heal wounds {@q2}
 i - 2 potions of brilliance {unknown}
 l - 2 potions of degeneration {unknown}
 o - 2 potions of haste {unknown}
 p - 3 potions of might {unknown}
 r - a potion of enlightenment {unknown}
 s - a potion of cancellation {unknown}
 u - a potion of invisibility {unknown}
 z - a potion of ambrosia {unknown}


   Skills:
 + Level 3.8 Fighting
 + Level 4.3 Dodging
 * Level 7.5 Stealth
 * Level 9.7 Unarmed Combat
 + Level 8.4 Shapeshifting


You had 9 spell levels left.
You didn't know any spells.
Your spell library contained the following spells:

 Spells                   Type           Power      Damage    Failure   Level
 Apportation              Tloc           0%         N/A       19%         1
 Inner Flame              Hex/Fire       0%         N/A       47%         3
 Passwall                 Erth           0%         N/A       47%         3
 Volatile Blastmotes      Fire/Tloc      0%         2d10      47%         3
 Vhi's Electric Charge    Tloc/Air       0%         N/A       87%         4
 Irradiate                Conj/Alch      0%         3d11      99%         5
 Bombard                  Conj/Erth      0%         9d1       100%        6
 Ignition                 Fire           0%         3d3       100%        8


Dungeon Overview and Level Annotations

Branches:
Dungeon (8/15)             Temple (1/1) D:5           Sewer (visited)
   Lair: D:8-11

Altars:
Ashenzari
Cheibriados
Dithmenos
Elyvilon
Fedhas
Gozag
Hepliaklqana
Kikubaaqudgha
Makhleb
Nemelex Xobeh
Okawaru
Qazlal
Ru
Sif Muna
Trog
Vehumet
Wu Jian
Xom
Yredelemnul
The Shining One

Shops:
D:3 =

Annotations:
D:2 1 runed translucent door, Crazy Yiuf
D:7 1 runed translucent door, NotYourErnst's ghost, novice GrIE


Innate Abilities, Weirdness & Mutations

You are something dangerously unstable.
You glow with magical radiation, making you easy to see and hit.
Foes you strike become dangerously contaminated with magical radiation.
You are immune to poison.
You are incapable of wielding weapons or throwing items.
You cannot wear most types of armour.
You are amphibious.
You can wear up to eight rings at the same time.
Your skin changes colour to match your surroundings (Stealth+).
Your rubbery body absorbs attacks. (AC +1, EV +1)
((You are camouflaged when in or above water. (Stealth+)))
You have tentacles for arms and can constrict up to eight enemies at once.


Message History

You tentacle-slap the steam dragon.
The steam dragon glows dangerously bright.
The steam dragon bites you. The steam dragon misses you.
You barely miss the steam dragon.
A wyvern comes into view.
The steam dragon bites you! The steam dragon barely misses you.
The kobold throws a stone.
The stone closely misses you.
You tentacle-slap the steam dragon.
The steam dragon shudders as magic cascades through it!!
You kill the steam dragon!
The kobold throws a stone.
The stone closely misses you.
A basilisk comes into view.
The wyvern misses you.
You tentacle-slap the wyvern.
The wyvern begins to glow.
The wyvern barely misses you.
The kobold throws a stone.
The stone hits you. The basilisk gazes at you.
You are slowing down.
You barely miss the wyvern. The wyvern barely misses you.
The wyvern closely misses you. The basilisk barely misses you.
Your limbs are stiffening.
Unknown command.
Unknown command.
You tentacle-slap the wyvern.
The wyvern glows dangerously bright.
The wyvern bites you!
The kobold throws a stone.
The stone hits you. The basilisk gazes at you.
You struggle to resist.
The wyvern barely misses you.
You have turned to stone.
The wyvern barely misses you. The basilisk bites you! The wyvern bites you!
The basilisk bites you. The wyvern bites you! The wyvern bites you.
The basilisk bites you!
* * * LOW HITPOINT WARNING * * *
The wyvern bites you!
* * * LOW HITPOINT WARNING * * *
The kobold hits you with a +0 dagger.
* * * LOW HITPOINT WARNING * * *
The basilisk gazes at you.
You struggle to resist.
The wyvern bites you!
* * * LOW HITPOINT WARNING * * *
The wyvern bites you!!
* * * LOW HITPOINT WARNING * * *
The kobold hits you with a +0 dagger.
* * * LOW HITPOINT WARNING * * *
The basilisk bites you.
* * * LOW HITPOINT WARNING * * *
The wyvern bites you!
* * * LOW HITPOINT WARNING * * *
The kobold hits you with a +0 dagger.
* * * LOW HITPOINT WARNING * * *
The basilisk bites you!
You die...
Your body crumbles into a pile of gold.

###.......#.#.# #.
..#...>..##.#.#### #.
#......#....#....######.
.#........#...<..#......
.......................^
#.......$#..............
#.......#..............
#...##K................
# #p..(....(........
...?..lk................
.####...................
#............#.....#
#.........#######...
............# ##..
............# ##.
.............## ##..
..........## #..#


You could see a basilisk, a wyvern (contam) and a kobold.

Vanquished Creatures
  Pikel (D:5)
  Joseph (D:8)
  Prince Ribbit (D:6)
  Sigmund (D:5)
  2 steam dragons
  Edmund (D:5)
  Menkaure (D:4)
  An ice beast (D:6)
  2 sky beasts (D:7)
  2 ogres
  A centaur (D:5)
  2 lemures (D:5)
  A phantom (D:5)
  5 kobold brigands (Sewer)
  2 bullfrogs
  2 water moccasin zombies (D:6)
  3 scorpions
  2 howler monkeys (D:8)
  2 centaur zombies (D:6)
  2 jellies
  3 bombardier beetles
  3 hounds
  4 sleepcaps
  2 orc priests
  A gnoll bouda (D:2)
  4 iguanas
  4 orc wizards (D:6)
  Natasha (thrice) (D:2)
  A killer bee zombie (D:6)
  A howler monkey zombie (D:6)
  7 gnolls
  12 adders
  6 river rats
  2 white imps
  3 ufetubi (D:6)
  3 dart slugs
  4 ribbon worms
  21 orcs
  8 endoplasms
  7 giant cockroaches
  5 goblins
  12 hobgoblins
  16 jackals
  4 quokkas
  13 ball pythons
  6 bats
  A frilled lizard (D:2)
  18 kobolds
  24 rats
233 creatures vanquished.

Notes
Turn   | Place    | Note
-------+----------+-------------------------------------------
     0 | D:1      | BlackSun the Octopode Shapeshifter began the quest for the
                  | Orb.
     0 | D:1      | Reached XP level 1. HP: 13/13 MP: 1/1
   204 | D:1      | Reached XP level 2. HP: 16/18 MP: 2/2
   484 | D:1      | Reached XP level 3. HP: 19/23 MP: 3/3
   808 | D:2      | Noticed Natasha
   822 | D:2      | Killed Natasha
   823 | D:2      | Reached XP level 4. HP: 16/28 MP: 4/4
   903 | D:2      | Found a runed translucent door.
   904 | D:2      | Noticed Crazy Yiuf
   905 | D:2      | Identified the +8 hammer "Bina" {distort, rF+}
  1148 | D:2      | Reached XP level 5. HP: 33/33 MP: 5/5
  1212 | D:2      | Noticed Natasha
  1219 | D:2      | Killed Natasha
  1531 | D:2      | Noticed Natasha
  1870 | D:2      | Killed Natasha
  1944 | D:3      | Reached skill level 6 in Shapeshifting
  2038 | D:3      | Reached XP level 6. HP: 38/38 MP: 6/6
  2044 | D:3      | Found Fianaicw's Jewellery Emporium.
  2083 | D:3      | Identified the ring of Tevvecz Xeam {Fly Will- Str-3 Int+4
                  | Dex+4}
  3200 | D:4      | Found a glowing drain.
  3235 | Sewer    | Entered a sewer
  3322 | Sewer    | Reached XP level 7. HP: 39/43 MP: 5/7
  3349 | Sewer    | Reached skill level 4 in Unarmed Combat
  3591 | Sewer    | Reached skill level 5 in Unarmed Combat
  4313 | D:4      | Reached XP level 8. HP: 41/48 MP: 5/8
  4450 | D:4      | Reached skill level 6 in Unarmed Combat
  4625 | D:4      | Noticed Menkaure
  4650 | D:4      | Killed Menkaure
  5051 | D:5      | Entered Level 5 of the Dungeon
  5080 | D:5      | Noticed Pikel
  5135 | D:5      | Killed Pikel
  5136 | D:5      | Reached skill level 8 in Unarmed Combat
  5136 | D:5      | Reached XP level 9. HP: 51/53 MP: 9/9
  5141 | D:5      | Noticed Edmund
  5147 | D:5      | Killed Edmund
  5237 | D:5      | Reached skill level 3 in Stealth
  5429 | D:5      | Noticed Sigmund
  5670 | D:5      | Found a staircase to the Ecumenical Temple.
  5677 | Temple   | Entered the Ecumenical Temple
  5692 | Temple   | Became a worshipper of Gozag Ym Sagoz the Greedy
  6023 | D:5      | Killed Sigmund
  6024 | D:5      | Reached skill level 3 in Dodging
  6155 | D:6      | Found a bloodstained altar of Trog.
  6264 | D:6      | Noticed Prince Ribbit
  6437 | D:6      | Killed Prince Ribbit
  6522 | D:6      | Found a white marble altar of Elyvilon.
  6622 | D:6      | Reached skill level 9 in Unarmed Combat
  6630 | D:6      | Reached skill level 3 in Fighting
  6820 | D:6      | Found a basalt altar of Yredelemnul.
  6828 | D:6      | Reached skill level 6 in Stealth
  7064 | D:6      | Found a radiant altar of Vehumet.
  7064 | D:6      | Found an ancient bone altar of Kikubaaqudgha.
  7065 | D:6      | Found a shimmering blue altar of Sif Muna.
  7118 | D:6      | Got Sif Muna's Cyclopedia of Elsewhere
  7198 | D:6      | Reached XP level 10. HP: 63/63 MP: 10/10
  7855 | D:7      | Found a runed translucent door.
  7855 | D:7      | Noticed NotYourErnst's ghost (novice GrIE)
  8665 | D:3      | Bought a serpent talisman for 330 gold pieces
  8951 | D:8      | Noticed Joseph
  8967 | D:8      | Killed Joseph
  9058 | D:8      | HP: 3/63 [wyvern (5)]
  9058 | D:8      | Slain by a basilisk

Illustrated notes

Levels and vault maps discovered:
D:1:      tarquinn_simple_flora_water_d, layout_basic, minmay_misc_feat_columns
D:2:      layout_basic, uniq_crazy_yiuf_cottage, uniq_natasha
D:3:      minmay_razor_zed, layout_loops_ring, serial_shops, shop
D:4:      layout_cave_pools, cheibrodos_sewer_entry_sluice, minmay_fountain_box,
          uniq_menkaure
D:5:      layout_gridville, minmay_temple_entry_hall, uniq_edmund, uniq_sigmund,
          uniq_pikel
D:6:      kennysheep_spiral_hall, layout_rooms,
          grunt_temple_overflow_magic_moments, nicolae_yredelemnul_corpse_copse,
          nicolae_overflow_crystal_walls, mainiacjoe_overflow_six_doors_small,
          nicolae_elyvilon_peaceful_grove, uniq_jeremiah, uniq_blork_the_orc,
          uniq_prince_ribbit1
D:7:      layout_basic, hellmonk_ghost_happy_afterlife
D:8:      layout_rooms, david_lair_generic, kennysheep_another_room,
          chequers_serial_rivers_micro_e, uniq_joseph
Temple:   nicolae_temple_superstar

Skill      XL: |  1  2  3  4  5  6  7  8  9 10 |
---------------+-------------------------------+-----
Shapeshifting  | 4 5 6 7 8 |  8.4
Unarmed Combat | 5 8 9 |  9.7
Stealth        | 2 6 7 |  7.5
Fighting       | 3 |  3.8
Dodging        | 3 4 |  4.3

Action                     |  1- 3 |  4- 6 |  7- 9 | 10-12 || total
---------------------------+-------+-------+-------+-------++-------
  Melee: Unarmed           |    51 |   144 |   269 |    62 ||   526
         Constrict         |    17 |    45 |    81 |    10 ||   153
         Tentacles         |     9 |    35 |    84 |    17 ||   145
         Punch             |     2 |     7 |       |       ||     9
  Evoke: Wand              |       |       |     7 |       ||     7
    Use: Potion            |       |     1 |     3 |       ||     4
         Scroll            |       |       |     7 |     1 ||     8
   Stab: Sleeping          |     3 |     5 |       |     3 ||    11
 Armour: Skin              |    20 |    79 |   120 |    41 ||   260
  Dodge: Dodged            |    26 |    71 |   202 |    56 ||   355
   Form: Flux              |       |       |     1 |       ||     1

Table legend: (Time is in decaauts)
 A = Elapsed time spent in this place.
 B = Non-inter-level travel time spent in this place.
 C = Inter-level travel time spent in this place.
 D = Time resting spent in this place.
 E = Time spent auto-exploring this place.
 F = Levels seen in this place.
 G = Mean time per level.
                   A        B        C        D        E       F      G
               +--------+--------+--------+--------+--------+-----+--------+
         Total |   9023 |   8218 |    805 |   1717 |   5098 |  10 |  902.3 |
       Dungeon |   7953 |   7174 |    779 |   1305 |   4728 |   8 |  994.1 |
        Temple |     26 |      1 |     25 |      0 |      0 |   1 |   26.0 |
         Sewer |   1043 |   1043 |      0 |    412 |    370 |   1 | 1043.0 |
               +--------+--------+--------+--------+--------+-----+--------+

Top non-repeatable levels by time:
     D:6: 1459 daAuts
     D:2: 1255 daAuts
     D:3: 1125 daAuts
     D:5: 1122 daAuts
     D:7: 1054 daAuts
   Sewer: 1043 daAuts
     D:4: 956 daAuts
     D:1: 832 daAuts
     D:8: 147 daAuts
  Temple: 26 daAuts
